[Event "XV American Continental 2022"]
[Site "San Salvador"]
[Date "2022.05.07"]
[Round "8.9"]
[White "Noboa Silva, Kevin"]
[Black "Proudian, Armen"]
[Result "0-1"]
[ECO "E49"]
[WhiteElo "2323"]
[BlackElo "2418"]
[Annotator "TA"]
[PlyCount "120"]
[EventDate "2022.05.02"]
[EventCountry "ESA"]
[SourceTitle "playchess.com"]
[Source "ChessBase"]
[SourceQuality "1"]
[TimeControl "40/5400+30:1800+30"]

1. d4 Nf6 2. c4 e6 3. Nc3 Bb4 4. e3 O-O 5. Bd3 d5 6. a3 Bxc3+ 7. bxc3 dxc4 8. Bxc4 c5 9. Ne2 Qc7 10. Ba2 b6 {[%emt 0:04:11] E49: Nimzo-Indian: Rubinstein: 5 Bd3 d5 6 a3 Bxc3+ 7 bxc3.} 11. O-O e5 (11... Nc6 $11 {is more appropriate.}) 12. d5 $14 c4 {[%emt 0:06:30] White is slightly better.} 13. Ng3 $1 {[%emt 0:05:54] [#]} Na6 $146 ({Predecessor:} 13... Nbd7 14. Rb1 Ne8 15. Ne4 Ndf6 16. Nxf6+ Nxf6 17. Rb4 Ba6 18. Bb1 Rad8 19. e4 Nd7 {0-1 (41) Tarasov,M (2315)-Barbitskij,A St Petersburg 1998}) 14. e4 Nc5 15. Qe2 Nd3 (15... b5 $1 $11) 16. Bg5 ({White should play} 16. a4 $16) 16... Ne8 $1 $11 17. Rad1 b5 18. Bb1 $36 {[%emt 0:02:07][%mdl 2048] White has good play.} Nf4 (18... f6 $11 19. Be3 Nd6) 19. Qd2 $14 f6 (19... Nd3 $14) 20. Bxf4 $16 exf4 21. Ne2 Bg4 22. f3 (22. Nxf4 $6 Bxd1 23. Ne6 (23. Rxd1 Qd6 $11) 23... Qe7 24. Rxd1 (24. Nxf8 Bg4 $11) 24... Rf7) 22... Bd7 23. Nxf4 (23. Qxf4 $142 Qc5+ 24. Kh1) 23... Qc5+ ({Better is} 23... Qd6) 24. Qd4 Qxa3 (24... Qxd4+ $16 25. Rxd4 Nd6) 25. d6 $18 Rc8 26. Nd5 Qxd6 27. Qxa7 $2 (27. e5 $1 $18 {[%cal Re5d6] is the precise move to win.} fxe5 28. Qh4 (28. Qxa7 Rf7 $11)) 27... Rf7 {[%emt 0:05:08][%cal Bf8f7,Bf7d7,Bd7d6][%mdl 32] [#]} 28. Qd4 (28. Nxf6+ $1 $16 Qxf6 29. Rxd7) 28... Bc6 $11 29. Nb4 Rd7 30. Qxd6 ({Reject} 30. Nxc6 Rxc6 31. Qd5+ Qxd5 32. Rxd5 Rxd5 33. exd5 Rd6 $11) 30... Rxd6 31. e5 fxe5 32. Bf5 Rc7 33. Nxc6 (33. Rde1 $11 {feels stronger.}) 33... Rcxc6 $15 34. Bd7 (34. Rxd6 $15 Nxd6 35. Be6+ Kf8 36. Ra1) 34... Rxd1 $17 35. Bxc6 (35. Rxd1 Rd6 36. Rxd6 Nxd6 37. Bc6) 35... Rxf1+ $19 36. Kxf1 $17 {[%emt 0:00:01][%mdl 4096] Endgame [#] KB-KN} Nc7 37. Ke2 Kf7 38. Kd2 Ke6 39. h4 $2 (39. Be4 h6 40. Bh7) 39... Kd6 40. Be4 h6 {[%emt 0:00:30] Threatens to win with ...Nd5.} 41. Bg6 Nd5 {[%emt 0:30:59] ...Nf4 is the strong threat.} 42. g3 {[%emt 0:00:10] Inhibits Nf4.} (42. Be8 $142 Kc5 43. g4) 42... Kc5 $19 43. Bf7 b4 44. cxb4+ Nxb4 45. Ke3 c3 46. Bb3 c2 47. Kd2 Kd4 48. Bf7 Nd3 49. Kxc2 Ke3 {[%emt 0:00:00] aiming for ...Ne1+.} ({Worse is} 49... Ne1+ 50. Kd1 Nxf3 51. Ke2 $17) 50. Kc3 Ne1 51. Kc4 Kxf3 {[%emt 0:00:00] Black mates.} 52. Kd5 Kxg3 53. Kxe5 Nf3+ 54. Ke6 Kxh4 55. Be8 Kg5 56. Kd5 Kf4 57. Bg6 Ne5 58. Bh5 g5 59. Be2 g4 60. Kd4 h5 {[%emt 0:00:24] Quite a comeback for Black.  Weighted Error Value: White=0.67/Black=0.15 (very precise)} 0-1

[Event "XV American Continental 2022"]
[Site "San Salvador"]
[Date "2022.05.07"]
[Round "8.10"]
[White "Jimenez Garcia, Emmanuel"]
[Black "Morales, Carlos"]
[Result "0-1"]
[ECO "A05"]
[WhiteElo "2422"]
[BlackElo "2005"]
[Annotator "TA"]
[PlyCount "76"]
[EventDate "2022.05.02"]
[EventCountry "ESA"]
[SourceTitle "playchess.com"]
[Source "ChessBase"]
[SourceQuality "1"]
[TimeControl "40/5400+30:1800+30"]

1. Nf3 Nf6 2. g3 e6 3. Bg2 d5 4. d3 Be7 5. Nbd2 c5 6. e4 Nc6 7. O-O b6 8. Re1 Bb7 9. c3 Qc7 10. a3 Ba6 {[%emt 0:03:05] C00: French: Unusual White 2nd moves.} (10... dxe4 $11 11. dxe4 e5) 11. exd5 $14 {[%emt 0:07:57] [#]} Nxd5 $146 ({Predecessor:} 11... exd5 12. Ne5 Nxe5 13. Qa4+ b5 14. Qxa6 Rb8 15. Rxe5 Qxe5 16. Qc6+ Kf8 17. Nf3 Qd6 18. Ne5 Qxc6 19. Nxc6 Rb6 20. Nxa7 Ke8 21. Nc8 Rb8 22. Nxe7 Kxe7 23. Bf4 Rbd8 24. Bh3 {½-½ (24) Michalek,J (2346)-Kanovsky,D (2396) Czech Republic 2007}) 12. d4 O-O {[%emt 0:15:03] The position is equal.} 13. c4 Nf6 14. Ne5 (14. dxc5 $11 bxc5 15. b3) 14... Nxd4 $15 15. Bxa8 Rxa8 16. b3 Rd8 17. Bb2 Bb7 18. Bxd4 cxd4 19. Nd3 Qc6 20. f3 {[%emt 0:00:10] [#]} Ng4 $1 21. Nb4 {[%emt 0:04:58] [#]} Bxb4 ({Better is} 21... Qc5 $1 $17 {( -> ...d3+)} 22. fxg4 d3+ 23. Kf1 Qd4) 22. axb4 $11 {[%emt 0:00:02] Hoping for b5.} Ne3 23. Qb1 a6 24. Qd3 $132 {[%emt 0:00:20][%mdl 2048] White puts up resistance} Rd7 25. b5 ({White should play} 25. Ra2 $11) 25... axb5 $15 26. cxb5 Qd5 27. Re2 (27. Ra7 $15) 27... f5 {[%emt 0:00:38][%mdl 1024] Black has strong compensation.} 28. Ra7 Rc7 29. Rf2 $2 (29. Rxb7 $17 Rxb7 30. Nc4) 29... Rc3 30. Qb1 Rc2 {[%emt 0:00:28] Prevents Nc4.} (30... h6 $19 {Strongly threatening ...Kh7.} 31. Nf1 {[#]} Ng4 $1 32. Rxb7 Nxf2 33. Rb8+ Kh7 34. Kxf2 Qxf3+ 35. Kg1 Qe2) 31. Qe1 Rc3 {[%emt 0:01:57] Black is much more active.} ({Black should try} 31... h6 $17 {aiming for ...Rc3.} 32. Nf1 (32. Nc4 $2 Qxf3 33. Rxf3 Rg2+ 34. Kh1 Bxf3 $19) 32... Rc3 33. Nxe3 Rxe3) 32. b4 $2 (32. Qb1 $1 $11 {and White is okay.}) 32... h6 {[%emt 0:07:30] ...Kh7 is the strong threat.} 33. Qb1 $2 (33. Nf1 $17) 33... Kh7 $19 34. Qe1 Nc2 35. Qe2 (35. Qb1 {was called for.}) 35... d3 {[%emt 0:01:12] Black is clearly winning.} 36. Qf1 Nd4 37. Nb1 Ne2+ 38. Kg2 Rc1 {[%emt 0:00:34] Weighted Error Value: White=0.66/Black=0.39} 0-1

[Event "XV American Continental 2022"]
[Site "San Salvador"]
[Date "2022.05.07"]
[Round "8.11"]
[White "Lorenzana, Wilson Estuardo"]
[Black "Thavandiran, Shiyam"]
[Result "0-1"]
[ECO "C11"]
[WhiteElo "2170"]
[BlackElo "2399"]
[Annotator "TA"]
[PlyCount "92"]
[EventDate "2022.05.02"]
[EventCountry "ESA"]
[SourceTitle "playchess.com"]
[Source "ChessBase"]
[SourceQuality "1"]
[TimeControl "40/5400+30:1800+30"]

1. e4 e6 2. d4 d5 3. Nc3 Nf6 4. Bg5 dxe4 5. Nxe4 Nbd7 6. Nf3 h6 7. Nxf6+ Nxf6 8. Bh4 c5 9. Bb5+ Bd7 10. Bxd7+ Qxd7 11. Bxf6 gxf6 12. dxc5 {[%emt 0:00:07] [#] C10: French with 3 Nc3: Unusual Black 3rd moves and 3...dxe4.} O-O-O $146 ({Predecessor:} 12... Qxd1+ 13. Rxd1 Bxc5 14. Ke2 Ke7 15. Rd3 Rhg8 16. g3 Rgd8 17. Rhd1 Rxd3 18. Rxd3 Bb6 19. Rc3 f5 20. Rc4 Kf6 {½-½ (20) Kovchan,A (2545)-Baklan,V (2625) Poltava 2008}) 13. Qxd7+ Rxd7 14. b4 {[%emt 0:12:14] The position is equal.} Rg8 15. h3 b6 16. O-O bxc5 17. b5 Bg7 18. a4 f5 19. Rab1 Bf6 (19... Kb7 $15) 20. Rfe1 Kb7 21. a5 Rgd8 22. Kf1 Bc3 23. Re3 Bxa5 {[%emt 0:01:25] Black is more active.} 24. Ne5 (24. Ra3 $1 $15 Bb4 25. Ra6) 24... Rd1+ $17 25. Rxd1 Rxd1+ {[%emt 0:00:03][%mdl 4096] Endgame KRB-KRN} 26. Ke2 Rd2+ 27. Kf3 Rxc2 28. Nxf7 Kb6 (28... Rc3 $17 {Hoping for ...Kb6.} 29. Nxh6 c4) 29. Rxe6+ $11 Kxb5 {[%emt 0:00:03] Black wants to play ...c4.} 30. Nxh6 Rc3+ 31. Ke2 (31. Kf4 $1 $11) 31... Rc1 (31... f4 $5 ) 32. Kf3 Rc3+ 33. Ke2 Rc1 {[%emt 0:01:44] And now ...Re1+ would win.} (33... f4 $5 ) 34. Kf3 Bc3 35. Nxf5 a5 36. Re8 Kb4 37. Rb8+ Ka3 $1 38. Rb5 Bb4 39. g4 {[%emt 0:01:40] Strongly threatening Rb8.} c4 {[%emt 0:01:32] White must now prevent ...c3.} 40. g5 c3 {[%emt 0:00:30][%mdl 1024] Black has compensation.} 41. h4 $2 {[%emt 0:33:54][%mdl 8192] [#] Now White is beyond hope.} (41. Ne3 $11) 41... Rd1 $1 $19 {[%emt 0:09:41] ...c2 is the strong threat.} ({Stronger than} 41... Rh1 42. Nd4 (42. Ne3 $2 Rh3+ 43. Kg4 Rxe3 $19) 42... Rxh4 43. Ne2 $17) 42. Ne3 {[%emt 0:00:00] [#]} Rd3 $1 43. Rb8 {[%emt 0:00:00] Threatens to win with Rc8.} c2 $1 44. Rc8 Bc3 45. g6 c1=Q 46. g7 Qh1+ {[%emt 0:00:13] Weighted Error Value: White=0.66/Black=0.11 (very precise)} 0-1

[Event "XV American Continental 2022"]
[Site "San Salvador"]
[Date "2022.05.09"]
[Round "9.1"]
[White "Kaidanov, Gregory"]
[Black "Gareyev, Timur"]
[Result "0-1"]
[ECO "E15"]
[WhiteElo "2556"]
[BlackElo "2565"]
[Annotator "TA"]
[PlyCount "86"]
[EventDate "2022.05.02"]
[EventCountry "ESA"]
[SourceTitle "playchess.com"]
[Source "ChessBase"]
[SourceQuality "1"]
[TimeControl "40/5400+30:1800+30"]

1. d4 Nf6 2. c4 e6 3. Nf3 b6 4. g3 Ba6 5. b3 Bb4+ 6. Bd2 Be7 7. Nc3 O-O 8. Bg2 c6 9. O-O d5 10. Bf4 Nbd7 11. Rc1 {[%emt 0:02:48] E15: Queen's Indian: 4 g3 sidelines, 4 g3 Ba6 and 4 g3 Bb7 early deviations.} Rc8 12. Re1 {[%emt 0:05:01] [#]} Bb4 $146 ({Predecessor:} 12... b5 13. c5 b4 14. Nb1 Ne4 15. Nfd2 f5 16. Nxe4 dxe4 17. Qd2 e5 18. Be3 exd4 19. Qxd4 Rb8 {1-0 (37) Plat,V (2458)-Roesemann,R (2295) Germany 2016}) 13. Nd2 (13. a3 $11 Be7 14. Qd3) 13... c5 14. dxc5 (14. e3 $11 {was preferrable.}) 14... Nxc5 $15 ({Don't take} 14... Rxc5 15. Bd6 $16) 15. cxd5 exd5 (15... Nxd5 $15 16. Nxd5 exd5) 16. Bg5 $1 $11 {[%emt 0:02:14] [#]} Nd3 $1 17. exd3 Bxc3 18. Bh3 Rc5 19. a3 h6 20. b4 Rc6 21. Bf4 Bxd3 (21... d4 {is more appropriate.}) 22. Re3 {[%emt 0:03:12] [#]} (22. Be5 $142 $1 Bxd2 23. Rxc6 Bxe1 24. Bxf6) 22... Bxd2 $1 23. Rxc6 Bxe3 24. fxe3 Bb5 25. Rc7 Ne4 26. Bg2 ({White should play} 26. Qd4 $11) 26... Re8 ({Black should try} 26... Qf6 $15 27. Qd4 Qxd4 28. exd4 g5) 27. Qd4 Qf6 28. Qxf6 Nxf6 29. Rxa7 g5 30. Bc7 {[%emt 0:01:13] a4 is the strong threat.} d4 31. exd4 (31. Bxb6 $11 d3 32. a4) 31... Re1+ $19 32. Kf2 Re2+ 33. Kg1 Re1+ 34. Kf2 Re2+ 35. Kg1 {[%emt 0:00:03] [#]} Ng4 $1 36. Bb7 h5 37. Kf1 {[%emt 0:04:15] Against Re1+} Nxh2+ 38. Kg1 Ng4 {[%emt 0:00:10] Black is clearly winning.} 39. Ra8+ Kh7 40. Kf1 {[%emt 0:00:20] Inhibits Re1+.} Re7+ 41. Kg2 Rxc7 42. Be4+ Kg7 {[%emt 0:00:13] ( -> ...Rc1)} 43. a4 {[%emt 0:00:03] [#]} f5 $1 {[%emt 0:01:39] Weighted Error Value: White=0.53/Black=0.31} 0-1

[Event "XV American Continental 2022"]
[Site "San Salvador"]
[Date "2022.05.09"]
[Round "9.2"]
[White "Quesada Perez, Yasser"]
[Black "Swiercz, Dariusz"]
[Result "1/2-1/2"]
[ECO "B51"]
[WhiteElo "2560"]
[BlackElo "2665"]
[Annotator "TA"]
[PlyCount "103"]
[EventDate "2022.05.02"]
[EventCountry "ESA"]
[SourceTitle "playchess.com"]
[Source "ChessBase"]
[SourceQuality "1"]
[TimeControl "40/5400+30:1800+30"]

1. e4 c5 2. Nf3 d6 3. Bb5+ Nd7 4. Ba4 Ngf6 5. O-O e6 (5... a6 $5 6. d3 b5 $11) 6. Re1 {[%emt 0:00:27] B51: Sicilian: Moscow Variation (3 Bb5+) without 3...Bd7.} a6 {[%emt 0:01:08] [#] And now ...b5 would win.} 7. c4 {[%emt 0:00:28] Against b5} Be7 8. Nc3 O-O 9. d4 cxd4 10. Nxd4 Qc7 11. Qe2 Ne5 12. Bb3 $1 Bd7 13. f4 Nc6 (13... Qb6 {with more complications.} 14. Be3 Neg4 15. Nf5 Bd8) 14. Nxc6 Bxc6 {[%emt 0:01:36] [#]} 15. Kh1 $146 ({Predecessor:} 15. Bd2 Rab8 16. Kh1 b5 17. cxb5 axb5 18. Rac1 Qb7 19. a3 Rfc8 20. h3 Nd7 21. f5 exf5 22. exf5 {1-0 (60) Shuvalova,P (2446)-Protopopova,A (2230) Moscow 2019}) 15... Nd7 16. Be3 Bf6 17. Rac1 (17. Bf2 $11 {remains equal.}) 17... Bxc3 $17 18. Rxc3 Nf6 19. Bc2 Nxe4 20. Bxe4 Bxe4 21. Bd4 f5 22. c5 dxc5 23. Bxc5 Rfd8 ({Of course not} 23... Qxf4 $6 24. Bxf8 Rxf8 25. Rd1 $11) 24. Qf2 Rd5 25. Bb4 Qd7 26. Rg3 Rd3 27. Bc3 Rxg3 28. Qxg3 Rd8 29. h3 h6 30. Re3 Kh7 31. Qh4 Rg8 32. Rg3 {[%emt 0:00:16] The position is equal.} Qf7 33. a3 Bc6 34. Be5 Bd5 35. Kh2 Be4 36. Bc3 Bd5 37. Be5 Bc6 38. Bc3 Qe8 39. Be5 a5 40. Bc3 a4 41. Be5 Qf7 42. Bc3 Bd5 43. Be5 b5 44. Bc3 Bc4 45. Be5 Bd5 46. Bc3 Ba2 47. Bd4 Bb3 48. Be5 Bc4 49. Bc3 Bd5 50. Be5 Bc4 51. Bc3 Bd5 52. Be5 {[%emt 0:00:00] Weighted Error Value: White=0.03 (flawless) /Black=0.03 (flawless)} 1/2-1/2

[Event "XV American Continental 2022"]
[Site "San Salvador"]
[Date "2022.05.08"]
[Round "9.3"]
[White "Morovic Fernandez, Ivan"]
[Black "Pichot, Alan"]
[Result "1/2-1/2"]
[ECO "B47"]
[WhiteElo "2495"]
[BlackElo "2652"]
[Annotator "TA"]
[PlyCount "163"]
[EventDate "2022.05.02"]
[EventCountry "ESA"]
[SourceTitle "playchess.com"]
[Source "ChessBase"]
[SourceQuality "1"]
[TimeControl "40/5400+30:1800+30"]

1. e4 c5 2. Nf3 Nc6 3. d4 cxd4 4. Nxd4 e6 5. Nc3 Qc7 6. Be2 Nf6 7. a3 Be7 8. Be3 O-O 9. O-O d6 10. Kh1 a6 11. f4 Nxd4 12. Bxd4 b5 13. Qe1 Bb7 14. Qg3 Ne8 {[%emt 0:01:37] B85: Sicilian Scheveningen: 6 Be2 a6, lines with early Be3.} 15. Bd3 Bf6 16. Bxf6 (16. e5 {is more complex.} dxe5 17. fxe5 Rd8 18. Bb6) 16... Nxf6 17. Rae1 {[%emt 0:02:03] [#]} Nh5 $146 (17... Nd7 $11) ({Predecessor:} 17... Rac8 18. Qh4 h6 19. Re3 Qc5 20. Rg3 Kh8 21. Rg5 Qd4 22. e5 dxe5 23. Ne2 Qxb2 24. fxe5 {1-0 (48) Inarkiev,E (2694)-Rublevsky,S (2683) Sochi 2017}) 18. Qh4 $1 $14 g6 19. g4 (19. f5 {is interesting.} exf5 20. exf5 Rae8 21. Be2) 19... Ng7 20. f5 (20. Rf3 $5 ) 20... exf5 21. gxf5 Rfe8 (21... Nxf5 $2 22. Rxf5 $1 Rae8 23. Nd5 $1 Bxd5 24. Rxd5 $18) 22. Nd5 (22. Re3 $14 Nh5 23. Be2) 22... Bxd5 $15 23. exd5 Qc5 24. f6 (24. fxg6 $11 hxg6 25. Qf4) 24... Nh5 (24... Rxe1 $17 25. Rxe1 Nh5) 25. b4 $11 Qc3 ({Don't play} 25... Qxd5+ 26. Be4 Qa2 27. Bxa8 Rxa8 28. Qe4 $16) 26. Re6 fxe6 27. f7+ Kh8 {[%emt 0:01:32] aiming for ...Rf8.} 28. fxe8=Q+ Rxe8 29. dxe6 Qe5 30. Re1 Qd5+ 31. Kg1 Kg7 32. e7 Nf6 $1 33. Qf4 Nd7 34. Qe3 (34. a4 $11 {remains equal.}) 34... Ne5 $17 35. Be4 {[%emt 0:00:19] Inhibits Nf3+.} Qe6 36. Bg2 Rxe7 {[%emt 0:00:13][%cal Oe5f3] Threatens to win with ...Nf3+!} 37. Rd1 Qf6 38. Qg3 (38. Qc3 $17 {is a better defense.}) 38... Nc4 $1 $19 39. Rf1 Qd4+ 40. Kh1 Ne3 41. Qf2 Nf5 {[%emt 0:02:32] ...Qxf2 is the strong threat.} 42. Qf3 Qe3 43. Rd1 h5 44. Ra1 (44. Rg1 {keeps fighting.}) 44... Qd2 {[%emt 0:01:38] Hoping for ...Nh4.} 45. Bh3 $2 (45. Qd3 Re1+ 46. Rxe1 Qxe1+ 47. Qf1) 45... Nd4 46. Qd3 Qxd3 47. cxd3 {[%emt 0:00:03][%mdl 4096] Endgame KRB-KRN} Re2 48. Bg2 Nc2 49. Rg1 Kf6 (49... Nxa3 50. Be4 $17) 50. Bb7 Nd4 51. Rf1+ Ke5 52. Rg1 d5 53. Rg5+ {[%emt 0:00:11] [#]} Kf6 $1 54. Rg2 ({Not} 54. Rxd5 $2 Nf3 55. Rd6+ Ke7 56. Bxf3 Re1+ 57. Kg2 Kxd6 $19) 54... Rxg2 55. Kxg2 $17 {[%emt 0:00:04] KB-KN} Nc2 56. Bxa6 Nxa3 57. d4 $2 {[%emt 0:00:54] [#]} (57. Kg3) 57... Kf5 $1 $19 {[%emt 0:00:49] And now ...Ke4 would win.} ({Weaker is} 57... Nc2 58. Bxb5 Nxb4 59. Ba4 $17) 58. Kf3 Nc2 $1 59. Ke2 Ke4 60. h4 Nxd4+ 61. Kd2 Nf3+ 62. Ke2 Kf4 63. Kd3 Nxh4 64. Bxb5 Nf3 65. Be8 h4 66. b5 h3 67. b6 Ne5+ 68. Kd4 h2 69. b7 h1=Q 70. b8=Q {[%emt 0:00:02] KQB-KQN} Qe4+ 71. Kc5 Qc4+ 72. Kd6 d4 {[%emt 0:00:12] Strongly threatening ...d3.} 73. Qd8 Qc6+ $2 74. Bxc6 $11 {[%emt 0:00:30] White threatens Qf6+ and mate. The position is equal.} Nf7+ 75. Kd5 $1 {[%emt 0:00:42] White wants to mate with Qh4+.} Nxd8 {[%emt 0:00:01] KB-KN} 76. Be8 g5 (76... d3 {seems wilder.} 77. Bxg6 d2 78. Bh5 Ke3) 77. Kxd4 g4 {[%emt 0:00:01] ( -> ...g3)} 78. Kd3 Ne6 (78... g3 $5 79. Ke2 Kg4 80. Bd7+ Kg5 $11) 79. Ke2 Kg3 80. Bd7 Nc5 81. Bxg4 Kxg4 82. Ke3 {And White is the lucky defender.  Weighted Error Value: White=0.50/Black=0.15 (very precise)} 1/2-1/2

[Event "XV American Continental 2022"]
[Site "San Salvador"]
[Date "2022.05.08"]
[Round "9.4"]
[White "Mekhitarian, Krikor Sevag"]
[Black "Hungaski, Robert"]
[Result "0-1"]
[ECO "D27"]
[WhiteElo "2569"]
[BlackElo "2521"]
[Annotator "TA"]
[PlyCount "74"]
[EventDate "2022.05.02"]
[EventCountry "ESA"]
[SourceTitle "playchess.com"]
[Source "ChessBase"]
[SourceQuality "1"]
[TimeControl "40/5400+30:1800+30"]

1. d4 d5 2. c4 dxc4 3. Nf3 Nf6 4. e3 e6 5. Bxc4 c5 6. O-O a6 7. Be2 {[%emt 0:00:13] D27: Queen's Gambit Accepted: Classical main line: 7 e4!? and 7 a4.} Nbd7 8. b3 b6 9. Ne5 {[%emt 0:00:02] The position is equal.} Bb7 10. Bf3 Qc7 11. Bb2 Rd8 {[%emt 0:08:44][%cal Ba8d8,Bd8d7,Bd7d2,Bd2b2][%mdl 32] [#]} 12. Qe2 $146 ({Predecessor:} 12. Bxb7 Qxb7 13. Qe2 Nxe5 14. dxe5 Nd5 15. Nd2 Be7 16. Ne4 O-O 17. Rfd1 Rd7 18. Qg4 {1-0 (47) Ding,L (2799)-Aronian,L (2782) Chess.com INT 2021}) 12... Be7 13. Nd2 O-O 14. Rac1 Nxe5 15. dxe5 Nd5 16. a3 {[%emt 0:06:12] Prevents Nb4.} Rd7 17. b4 Qd8 {[%emt 0:02:16][%cal Od5f4] Strongly threatening ...Nf4!} (17... Bc6 $5 18. bxc5 bxc5 $15) 18. bxc5 {[%emt 0:18:49] [#]} (18. Ne4 $11) 18... Nf4 $1 $17 19. Qc4 (19. exf4 $2 Rxd2 20. Qe3 Bxf3 21. Qxf3 Rxb2 $19) 19... Rxd2 20. c6 {[%emt 0:02:48] [#]} Bxc6 21. Qxc6 {[%emt 0:00:14] And now Bc3 would win.} Rxb2 22. exf4 Bc5 23. Rcd1 {[%emt 0:01:11] Inhibits Qd2.} Rd2 24. Qa4 (24. Be2 $11 {keeps the balance.}) 24... a5 25. g3 Qd3 26. Rxd2 Qxd2 27. Kg2 g6 28. Qb5 Rd8 29. a4 (29. Qb1 $17) 29... Qc2 $19 30. Qc6 (30. Kh3 $142) 30... Rd2 31. Kh3 (31. Qe4 {was necessary.}) 31... Kg7 {[%emt 0:01:03] Active counter play!} (31... Rxf2 32. Rxf2 Qxf2 33. Bg2 $15) (31... Bxf2 32. Qxc2 Rxc2 33. Bd1 $17) 32. Qe4 Qa2 ({Stronger than} 32... Rxf2 33. Rxf2 Qxf2 34. Qe2 $15) ({Inferior is} 32... Bxf2 33. Qxc2 Rxc2 34. Be4 $17) 33. Rd1 $2 (33. Re1) 33... Rxf2 {[%emt 0:01:50] Black is clearly winning.} 34. Bg2 Re2 35. Qf3 Qc2 36. Rc1 Qd2 {[%emt 0:03:00] Hoping for ...Rxg2.} ({Not} 36... Qxc1 37. Qxe2 Be7 38. Bf3 $15) 37. Rc3 {[%emt 0:00:36] [#]} Rxg2 $1 {[%mdl 512] Weighted Error Value: White=0.56/Black=0.10 (very precise)} 0-1

[Event "XV American Continental 2022"]
[Site "San Salvador"]
[Date "2022.05.08"]
[Round "9.5"]
[White "Yoo, Christopher Woojin"]
[Black "Proudian, Armen"]
[Result "1/2-1/2"]
[ECO "C45"]
[WhiteElo "2535"]
[BlackElo "2418"]
[Annotator "TA"]
[PlyCount "115"]
[EventDate "2022.05.02"]
[EventCountry "ESA"]
[SourceTitle "playchess.com"]
[Source "ChessBase"]
[SourceQuality "1"]
[TimeControl "40/5400+30:1800+30"]

1. e4 e5 2. Nf3 Nc6 3. d4 exd4 4. Nxd4 Bc5 5. Nb3 Bb6 6. Nc3 Nf6 7. Qe2 {[%emt 0:00:10] C45: Scotch Game.} a5 8. a4 O-O 9. Be3 $1 Bxe3 10. Qxe3 Nb4 11. O-O-O d5 12. exd5 Bf5 13. Nd4 Nbxd5 14. Nxf5 Nxe3 15. Rxd8 Nxf5 16. Rxa8 Rxa8 17. Bd3 Nd6 18. Re1 {[%emt 0:00:47] [#]} Re8 $146 ({Predecessor:} 18... Kf8 19. f3 Rd8 20. Re5 b6 21. Nb5 Re8 22. Rxe8+ Ndxe8 23. Kd2 Ke7 24. Ke3 Nd5+ {½-½ (40) Kopylov,D (2244)-Engel,L (2421) Willingen 2018}) 19. Rxe8+ Ndxe8 $11 {[%emt 0:00:59][%mdl 4096] Endgame KBN-KNN} 20. Kd2 Kf8 21. f3 Ke7 22. Ke3 c6 23. h4 Nc7 24. Bc4 Ne6 25. g4 h6 26. Ne2 g6 27. Ng3 Nd5+ 28. Bxd5 cxd5 {[%emt 0:00:11] KN-KN} 29. b3 Kd6 30. Ne2 g5 31. h5 Ke5 {[%emt 0:02:18] Inhibits Nd4.} 32. Ng3 {[%emt 0:03:37] Hoping for Nf5.} Nd4 {[%emt 0:03:42] [#] Prevents Nf5.} (32... Ng7 $11) 33. c3 $1 $16 Nxb3 {[%emt 0:00:17][%cal Ob7b5] ...b5! is the strong threat.} 34. Nf5 Nc5 35. Nxh6 Kf6 36. Ng8+ (36. Nf5 $1 $14) 36... Kg7 $11 37. Ne7 Nxa4 38. Nxd5 Nb2 39. Kd4 a4 40. c4 {[%emt 0:00:34] [#] Threatens to win with Ne3.} a3 {[%emt 0:01:42] aiming for ...a2.} 41. Nb4 Nd1 42. c5 Kh6 43. Kd3 f5 44. gxf5 Kxh5 45. Kd4 Nb2 46. Kd5 Nd3 47. Na2 ({Don't go for} 47. Nxd3 $2 a2 48. Ne5 a1=Q $19) 47... Kh6 {[%emt 0:00:00] White must now prevent ...Ne1.} (47... Ne1 $5 48. f6 Kg6 $11) 48. Kd4 $2 (48. Kd6 $11) 48... Ne1 $19 49. Ke4 Kg7 50. Nb4 Kf7 51. Na2 Kf6 52. Nc3 Nxf3 $2 53. Kxf3 $11 {[%emt 0:00:06] White wants to mate with Kg4. The position is equal.} Kxf5 $19 {[%emt 0:00:00] KN-K3P} 54. Na2 Ke5 55. Nb4 Kd4 56. Nc2+ Kxc5 {[%emt 0:00:12] ( -> ...a2)} 57. Nxa3 b5 58. Nxb5 {[%emt 0:00:05] White happily takes the draw.  Weighted Error Value: White=0.20 (precise) /Black=0.13 (very precise)} 1/2-1/2